 Dungeon Crawl Stone Soup version 0.28-a0-1199-gef9e1dbd39 (webtiles) character file.

Game seed: 13075098720622800303

161 sanka the Slasher (level 5, -2/43 HPs)
             Began as a Palentonga Abyssal Knight on Dec 19, 2021.
             Was a Priest of Lugonu.
             Slain by an orc (4 damage)
             ... on level 3 of the Dungeon.
             The game lasted 00:03:49 (3805 turns).

sanka the Slasher (Palentonga Abyssal Knight)       Turns: 3805, Time: 00:03:49

Health: -2/43      AC:  5    Str: 19    XL:     5   Next: 19%
Magic:  6/6        EV:  9    Int: 10    God:    Lugonu [***...]
Gold:   142        SH:  0    Dex: 10    Spells: 4/4 levels left

rFire   + . .      SeeInvis +   a - +1 falchion
rCold   . . .      Faith    .   (no shield)
rNeg    . . .      Spirit   .   b - +0 leather armour
rPois   .          Reflect  .   d - +0 helmet
rElec   .          Harm     .   (no cloak)
rCorr   .          Rampage  .   (no gloves)
Will    .....                   (no barding)
Stlth   +.........              (no amulet)
HPRegen 0.14/turn               (no ring)
MPRegen 0.10/turn               k - ring of protection from fire

@: lethally poisoned (-2 -> -19)
A: large, rugged brown scales 3, see invisible, deformed body, roll 1, armoured
tail
a: Rolling Charge, Renounce Religion, Depart the Abyss, Bend Space, Banish


You were on level 3 of the Dungeon.
You worshipped Lugonu.
Lugonu was most pleased with you.
You visited 1 branch of the dungeon, and saw 3 of its levels.
You visited the Abyss 1 time.

You collected 142 gold pieces.


Innate Abilities, Weirdness & Mutations

You are completely covered in rugged brown scales. (AC +3, +7% HP)
You have supernaturally acute eyesight. (SInv)
Armour fits poorly on your strangely shaped body.
You can roll at nearby foes to attack.
You have a long armoured tail.


   Skills:
 - Level 3.0 Fighting
 + Level 5.4 Long Blades
 - Level 1.5 Armour
 - Level 0.7 Dodging
 - Level 2.0 Invocations


You had 4 spell levels left.
You didn't know any spells.
Your spell library contained the following spells:

 Spells                   Type           Power      Damage    Failure   Level
 Slow                     Hex            0%         N/A       41%         1
 Confusing Touch          Hex            0%         N/A       80%         3
 Yara's Violent Unravell  Hex/Tmut       0%         3d3       100%        5

Inventory:

Hand Weapons
 a - a +1 falchion (weapon)
Armour
 b - a +0 leather armour (worn)
 d - a +0 helmet (worn)
 e - a +0 leather armour of poison resistance
Jewellery
 k - a ring of protection from fire (right hand)
Wands
 l - a wand of digging (6)
Scrolls
 f - a scroll of torment {unknown}
 g - 3 scrolls of identify {unknown}
 h - 2 scrolls of noise {unknown}
 i - a scroll of magic mapping {unknown}
 j - 2 scrolls of summoning {unknown}
 m - a scroll of enchant armour {unknown}
Potions
 c - 3 potions of curing {unknown}

Dungeon Overview and Level Annotations

Branches:
Dungeon (3/15)

Altars:

Annotations:
D:3 Sigmund

▒....▒ ▒....▒ ▒▒▒▒▒▒▒
▒▒▒▒▒▒....▒
▒.....▒▒▒▒...[@......
▒......... ▒....▒
▒........▒ ▒▒▒..▒
▒▒▒▒.....▒▒.▒ ▒...
...o..os.▒▒.▒ ▒(..
▒......H▒▒▒.▒▒▒ ▒..†
▒▒▒..▒▒.▒▒▒...▒▒▒▒▒▒▒... ▒▒
▒....▒▒....▒......
▒..▒▒▒▒..▒▒▒▒...▒▒.▒.
▒........▒▒▒.▒......
▒▒▒▒▒▒.....▒.▒..▒...
▒▒▒▒▒▒▒▒▒▒▒▒▒▒▒............
▒......................@...
▒▒.▒▒▒▒▒▒▒▒▒▒▒▒............


You could see a scorpion and 2 orcs.


Message History

You hit the scorpion.
The scorpion is heavily wounded.
You feel very sick. The scorpion stings you.
* * * LOW HITPOINT WARNING * * *
You hit the scorpion.
Your tail-slap misses the scorpion.
The scorpion is severely wounded.
You feel sick.
An orc comes into view. It is wielding a +0 dagger.
The scorpion stings you.
* * * LOW HITPOINT WARNING * * *
Unknown command.
You hit the scorpion but do no damage.
The scorpion is severely wounded.
You feel sick. The scorpion stings you.
* * * LOW HITPOINT WARNING * * *
Unknown command.
You barely miss the scorpion.
The scorpion is severely wounded.
You feel sick. The scorpion closely misses you.
You feel sick. The scorpion stings you.
* * * LOW HITPOINT WARNING * * *
You are more poisoned.
The scorpion poisons you! The orc hits you with a +0 whip.
You die...

Action                   |  1- 3 |  4- 6 || total
-------------------------+-------+-------++-------
Melee: Falchion          |   121 |    96 ||   217
       Tailslap          |    11 |    11 ||    22
 Abil: Rolling Charge    |     4 |     3 ||     7
Armor: Leather armour    |    46 |    59 ||   105
Dodge: Dodged            |    55 |    53 ||   108

Levels and vault maps discovered:
D:1:      grunt_arrival_lava_bath, layout_basic, minmay_tetromino_i2
D:2:      layout_basic
D:3:      layout_rooms, uniq_sigmund, uniq_robin

Notes
Turn   | Place    | Note
-------+----------+-------------------------------------------
     0 | Abyss:1  | sanka the Palentonga Abyssal Knight began the quest for the
                  | Orb.
     0 | Abyss:1  | Reached XP level 1. HP: 19/19 MP: 2/2
     3 | D:1      | Escaped the Abyss
   203 | D:1      | Reached XP level 2. HP: 25/25 MP: 3/3
   431 | D:1      | Reached skill level 3 in Long Blades
   818 | D:1      | Reached XP level 3. HP: 26/31 MP: 4/4
  1002 | D:1      | Reached ** piety under Lugonu
  1233 | D:2      | Reached skill level 4 in Long Blades
  1905 | D:2      | Reached XP level 4. HP: 19/37 MP: 5/5
  2379 | D:3      | Noticed Robin
  2716 | D:2      | Killed Robin
  2964 | D:2      | Reached skill level 5 in Long Blades
  3194 | D:3      | Reached XP level 5. HP: 38/43 MP: 6/6
  3335 | D:3      | Reached *** piety under Lugonu
  3614 | D:3      | Identified a +2 robe of the Archmagi
  3614 | D:3      | Noticed Sigmund
  3805 | D:3      | HP: 2/43 [scorpion (5)]
  3805 | D:3      | Slain by an orc

Vanquished Creatures
  A jelly (D:3)
  Robin (D:2)
  3 adders (D:2)
  A worm (D:2)
  2 dart slugs
  4 ball pythons
  8 endoplasms
  6 giant cockroaches
  16 goblins
  8 hobgoblins
  5 quokkas
  6 bats
  5 frilled lizards
  8 kobolds
  8 rats
82 creatures vanquished.
